 Dungeon Crawl Stone Soup version 0.29.1-13-g9f3cf754e1 (webtiles) character file.

Game seed: 13250942751755874744

97 FexLirch the Sneak (level 4, -1/22 HPs)
             Began as a Spriggan Brigand on Jan 26, 2023.
             Killed from afar by Crazy Yiuf (10 damage)
             ... with a puff of flame
             ... on level 3 of the Dungeon.
             The game lasted 00:04:19 (3795 turns).

FexLirch the Sneak (Spriggan Brigand)               Turns: 3795, Time: 00:04:20

Health: -1/22      AC:  3    Str:  7    XL:     4   Next: 42%
Magic:  5/5        EV: 16    Int: 12    God:
Gold:   93         SH:  0    Dex: 18    Spells: 3/3 levels left

rFire   . . .      SeeInvis +   h - +2 dagger (flame)
rCold   . . .      Faith    .   (no shield)
rNeg    . . .      Spirit   .   b - +0 robe
rPois   .          Reflect  .   (helmet restricted)
rElec   .          Harm     .   c - +0 cloak
rCorr   .          Rampage  .   (gloves unavailable)
Will    .....                   (boots unavailable)
Stlth   ++++......              (no amulet)
HPRegen 0.07/turn               (no ring)
MPRegen 0.09/turn               (no ring)

@: very quick
A: very small, no large weapons, unfitting armour, see invisible, speed 3
a: no special abilities


You were on level 3 of the Dungeon.
You visited 1 branch of the dungeon, and saw 3 of its levels.

You collected 93 gold pieces.

Inventory:

Hand Weapons
 a - a +2 dagger
 h - a +2 dagger of flaming (weapon)
Missiles
 d - 11 poisoned darts (quivered)
 e - 3 curare-tipped darts
Armour
 b - a +0 robe (worn)
 c - a +0 cloak (worn)
Scrolls
 f - a scroll of identify
 j - a scroll of fear {unknown}
 k - 2 scrolls of poison
 l - a scroll of enchant weapon {unknown}
 m - a scroll of immolation {unknown}
 n - a scroll of magic mapping {unknown}
 o - a scroll of teleportation {unknown}
Potions
 g - a potion of flight {unknown}
 i - 2 potions of mutation
 p - a potion of might {unknown}
 q - 3 potions of curing
 r - a potion of ambrosia {unknown}
 s - 2 potions of haste {unknown}


   Skills:
 - Level 1.5 Fighting
 * Level 4.4 Short Blades
 - Level 2.0 Throwing
 - Level 1.3 Dodging
 + Level 7.0 Stealth


You had 3 spell levels left.
You didn't know any spells.
Your spell library contained the following spells:

 Spells                   Type           Power      Damage    Failure   Level
 Dazzling Flash           Conj/Hex       0%         N/A       69%         3
 Agony                    Necr           0%         N/A       100%        5
 Silence                  Hex/Air        0%         N/A       100%        5


Dungeon Overview and Level Annotations

Branches:
Dungeon (3/15)

Altars:

Shops:
D:1 *   D:3 *

Annotations:
D:3 Crazy Yiuf


Innate Abilities, Weirdness & Mutations

You are very small and have problems with some larger weapons.
You are too small for most types of armour.
You have supernaturally acute eyesight. (SInv)
You cover ground extremely quickly. (Speed+++)


Message History

Found an escape hatch in the ceiling.
An endoplasm comes into view.
An endoplasm is nearby!
Found 2 boomerangs.
An adder comes into view.
There are monsters nearby!
Found 5 gold pieces.
An endoplasm is nearby!
There are monsters nearby!
There are monsters nearby!
There is an escape hatch in the ceiling here.
There are monsters nearby!
The helpless endoplasm fails to defend itself.
You stick the endoplasm like a pincushion!!!
You burn the endoplasm.
You kill the endoplasm!
An adder is nearby!
An adder is nearby!
You strike the helpless adder from behind!
You impale the adder!! You burn the adder.
You kill the adder!
Your Stealth skill increases to level 7!
There is an escape hatch in the ceiling here.
f - a scroll of identify No target in view!
d - 11 poisoned darts (gained 2) No target in view!
You see here an adder corpse.
You now have 93 gold pieces (gained 5).
Key pressed, stopping explore.
No target in view!
No reachable target in view!
Could not explore, unopened runed door.
No reachable target in view!
Could not explore, unopened runed door.
No reachable target in view!
You open the door.
Crazy Yiuf zaps a wand.
The puff of flame hits you!
Ouch! That really hurt!
Crazy Yiuf zaps a wand.
The puff of flame hits you!
You die...

##### #..)#
#.g.#
#######
#...#
#####.....#
#@#
#.........#
##.#
#####.....##
#.##
#...####....
##.#
#...#######.
#.##
#...........
##.##
#.....(.....
#...##
#...........
#PP.P#
#.....<.....
#....#
#...........


You could see Crazy Yiuf.

Vanquished Creatures
  3 adders
  4 worms
  2 dart slugs
  7 bats
  9 endoplasms
  2 giant cockroaches
  6 goblins
  3 hobgoblins
  2 jackals (D:1)
  A ball python (D:3)
  7 kobolds
  4 rats
50 creatures vanquished.

Notes
Turn   | Place    | Note
-------+----------+-------------------------------------------
     0 | D:1      | FexLirch the Spriggan Brigand began the quest for the Orb.
     0 | D:1      | Reached XP level 1. HP: 10/10 MP: 2/2
   234 | D:1      | Reached skill level 6 in Stealth
   601 | D:1      | Reached XP level 2. HP: 14/14 MP: 3/3
  1425 | D:1      | Found Leocs's Assorted Antiques.
  1661 | D:2      | Reached XP level 3. HP: 11/18 MP: 4/4
  2556 | D:2      | Found a faded altar of an unknown god.
  3174 | D:3      | Reached XP level 4. HP: 22/22 MP: 5/5
  3315 | D:3      | Found Saur's Assorted Antiques.
  3468 | D:3      | Found a runed translucent door.
  3469 | D:3      | Noticed Crazy Yiuf
  3717 | D:3      | Reached skill level 7 in Stealth
  3795 | D:3      | Killed from afar by Crazy Yiuf

Illustrated notes

Levels and vault maps discovered:
D:1:      reono_arrival_mine, layout_basic, serial_shops, nicolae_shop_stone
D:2:      layout_basic, nicolae_ecumenical_lake_church, minivault_27
D:3:      layout_rooms, serial_shops, nicolae_shop_advertising_works
          [nicolae_subvault_shop_adworks], grunt_decor_fettered,
          uniq_crazy_yiuf_cottage

Skill      XL: |  1  2  3  4 |
---------------+-------------+-----
Stealth        | 6 7 |  7.0
Short Blades   | 3 4 |  4.4
Fighting       | |  1.5
Throwing       | |  2.0
Dodging        | |  1.3

Action                   |  1- 3 |  4- 6 || total
-------------------------+-------+-------++-------
Melee: Dagger            |   121 |    21 ||   142
       Punch             |     3 |       ||     3
  Use: Scroll            |       |     3 ||     3
 Stab: Sleeping          |    11 |     1 ||    12
       Distracted        |       |     1 ||     1
Armor: Robe              |    19 |     2 ||    21
Dodge: Dodged            |    68 |     8 ||    76
